 Dungeon Crawl Stone Soup version 0.25-a0-404-gc1b5a34292 (webtiles) character file.

Game seed: 3406547580248111505, levelgen mode: deterministic

219 DeadFury222 the Chopper (level 5, -6/47 HPs)
             Began as a Hill Orc Fighter on Jan 11, 2020.
             Killed from afar by Natasha (11 damage)
             ... with a magic dart
             ... on level 3 of the Dungeon.
             The game lasted 00:07:08 (2516 turns).

DeadFury222 the Chopper (Hill Orc Fighter)          Turns: 2516, Time: 00:07:09

Health: -6/47      AC: 12    Str: 19    XL:     5   Next: 96%
Magic:  5/5        EV:  7    Int:  9    God:
Gold:   104        SH:  9    Dex: 10    Spells: 4/4 levels left

rFire    . . .     SeeInvis .   a - +0 war axe
rCold    . . .     Gourm    .   c - +0 shield
rNeg     . . .     Faith    .   b - +0 scale mail
rPois    .         Spirit   .   A - +2 helmet
rElec    .         Reflect  .   i - scarf {cloud immunity}
rCorr    .         Harm     .   q - +0 pair of gloves
MR       .....                  m - +0 pair of boots
Stlth    ..........             l - amulet of the acrobat
HPRegen  0.15/turn              (no ring)
MPRegen  0.09/turn              (no ring)

@: no status effects
A: no striking features
a: no special abilities


You were on level 3 of the Dungeon.
You were hungry.

You visited 1 branch of the dungeon, and saw 3 of its levels.

You collected 104 gold pieces.

Inventory:

Hand Weapons
 a - a +0 war axe (weapon)
Armour
 b - a +0 scale mail (worn)
 c - a +0 shield (worn)
 i - a scarf of cloud immunity (worn)
 m - a +0 pair of boots (worn)
 q - a +0 pair of gloves (worn)
 A - a +2 helmet (worn)
Jewellery
 l - an amulet of the acrobat (around neck)
Wands
 r - a wand of random effects (12)
Scrolls
 h - a scroll of random uselessness {unknown}
 j - 2 scrolls of identify {unknown}
 k - a scroll of immolation {unknown}
 p - a scroll of magic mapping {unknown}
 s - a scroll of remove curse {unknown}
 y - a scroll of fear {unknown}
Potions
 d - a potion of might
 e - a potion of lignification {unknown}
 g - a potion of cancellation {unknown}
 n - a potion of berserk rage {unknown}
 o - a potion of magic {unknown}
 u - a potion of heal wounds {unknown}
 v - a potion of degeneration {unknown}
 w - 2 potions of curing {unknown}
 x - 2 potions of brilliance {unknown}
 z - a potion of agility {unknown}
Comestibles
 f - 7 rations


   Skills:
 + Level 4.6 Fighting
 * Level 5.3 Axes
 + Level 4.2 Armour
 + Level 4.3 Shields


You had 4 spell levels left.
You didn't know any spells.
Your spell library was empty.

Dungeon Overview and Level Annotations

Branches:
Dungeon (3/15)

Altars:
Ashenzari
Xom

Annotations:
D:3 Natasha


Message History

Your shield and scale mail prevent you from hitting Natasha.
Natasha is lightly wounded.
You hit the shadow imp.
The crimson imp disappears in a puff of smoke!
Natasha barely misses you.
The crimson imp shouts, "Go and return not, thou foppish fly-bitten cross-patch!"
The crimson imp blinks!
You block the shadow imp's attack.
You slash Natasha!
Natasha is severely wounded.
You hit the shadow imp but do no damage.
Natasha stares at you and mumbles some strange words.
The magic dart hits you but does no damage.
You block the shadow imp's attack. Natasha claws you but does no damage.
You closely miss Natasha.
Natasha is heavily wounded.
You hit the shadow imp but do no damage.
You block the shadow imp's attack. Natasha casts a spell at you.
The magic dart hits you!
You die...

### #..# #.. ### #..#
#..#######..#
#..'.._..'..########
###..###.###..........
#.... #.# #.#########
#....###'###.#
###...h........# ###
#......@..##.### ...
..#...5...# .# #.##
#........... ##
#......>..... ...
...ยง##'#....... .##
#.5.. ..#...(.... ##
...# ####.#..(. .. ##.
.#..#. ## #


You could see Natasha, a crimson imp and a shadow imp.

Vanquished Creatures
  Natasha (twice) (D:3)
  An orc wizard (D:3)
  Robin (D:3)
  5 adders
  A worm (D:2)
  4 leopard geckos
  2 orcs (D:3)
  2 ball pythons
  4 giant cockroaches
  18 goblins
  9 hobgoblins
  4 jackals (D:1)
  9 bats
  3 frilled lizards
  7 kobolds
  8 rats
80 creatures vanquished.

Notes
Turn   | Place    | Note
-------+----------+-------------------------------------------
     0 | D:1      | DeadFury222 the Hill Orc Fighter began the quest for the
                  | Orb.
     0 | D:1      | Reached XP level 1. HP: 19/19 MP: 1/1
   185 | D:1      | Reached skill level 3 in Axes
   233 | D:1      | Reached XP level 2. HP: 26/27 MP: 2/2
   495 | D:1      | Reached XP level 3. HP: 31/33 MP: 3/3
   999 | D:2      | Found a shimmering altar of Xom.
  1068 | D:2      | Reached skill level 4 in Axes
  1142 | D:2      | Reached XP level 4. HP: 28/40 MP: 4/4
  1967 | D:3      | Reached XP level 5. HP: 40/47 MP: 5/5
  2039 | D:3      | Noticed Natasha
  2053 | D:3      | Killed Natasha
  2053 | D:3      | Reached skill level 5 in Axes
  2170 | D:3      | Noticed Robin
  2201 | D:3      | Killed Robin
  2399 | D:3      | Noticed Natasha
  2404 | D:3      | Killed Natasha
  2489 | D:3      | Found a shattered altar of Ashenzari.
  2501 | D:3      | Noticed Natasha
  2516 | D:3      | Killed from afar by Natasha

Levels and vault maps discovered:
D:1:      lemuel_arrival_tunnels, layout_rooms
D:2:      layout_basic, xom_butterflies, grunt_ministairs_13,
          minmay_split_cup_small
D:3:      layout_basic, lemuel_doored_altar, first_ration, uniq_robin,
          uniq_sigmund, uniq_natasha

Skill      XL: |  1  2  3  4  5 |
---------------+----------------+-----
Axes           | 3 4 5 |  5.3
Fighting       | 4 |  4.6
Armour         | 4 |  4.2
Shields        | 4 |  4.3

Action                   |  1- 3 |  4- 6 || total
-------------------------+-------+-------++-------
Melee: War axe           |   112 |   132 ||   244
Evoke: Wand              |       |     2 ||     2
  Eat: Chunk             |       |     5 ||     5
Armor: Scale mail        |    58 |    78 ||   136
Dodge: Dodged            |    46 |    68 ||   114
Block: Shield            |    71 |    95 ||   166

Table legend:
 A = Non-vault XP
 B = Vault XP
 C = Vault XP percentage of total XP
 D = Non-vault monster count
 E = Vault monster count
 F = Vault count percentage of total count
                 A         B        C        D         E       F
            +---------+---------+-------+---------+---------+-------
      Total |     231 |      82 |  26.2 |      62 |      18 |  22.5
            +---------+---------+-------+---------+---------+-------
        D:1 |      59 |       1 |   1.7 |      30 |       1 |   3.2
        D:2 |      65 |      10 |  13.3 |      16 |       4 |  20.0
        D:3 |     107 |      71 |  39.9 |      16 |      13 |  44.8
            +---------+---------+-------+---------+---------+-------
